AoeStats
← Tinkerino

MegaRandom

507811428Analyzed
4v4 RM · 11d ago on Sep 19, 2026· 54m 53s· 8 players
Game mode
Random Map
Map size
Large (8 player)
Population
200
Speed
Normal
Resources
Standard
Victory
Conquest
Starting age
Dark Age
Ending age
Imperial Age
RankedLock teamsTeams togetherTeam positionsShared explorationLock speedFull tech treeHidden civsTurbo modeCheats
Victory
Defeat
🇻🇪 Tatars · Venezuela
1294
+14
🇻🇪 Jurchens · Venezuela
1273
+15
🇨🇱 Bulgarians · Chile
1239
+17
🇦🇷 Poles · Argentina
1231
+17
🇬🇧 Hindustanis · United Kingdom
1352
-20
🇬🇧 Inca · United Kingdom
1232
-15
🇬🇧 Franks · United Kingdom
1218
-14
🇩🇿 Burgundians · Algeria
1216
-14
Tinkerino
10:25 Loom
12:45 Feudal Age
15:38 Double-Bit Axe
23:04 Castle Age
21:34 Horse Collar
22:25 Gold Mining
23:31 Bloodlines
24:37 Bow Saw
26:49 Heavy Plow
27:23 Scale Barding Armor
29:13 Chain Barding Armor
29:59 Wheelbarrow
31:13 Husbandry
32:58 Hand Cart
32:28 Town Watch
33:49 Light Cavalry
38:06 Forging
40:35 Imperial Age
43:31 Imperial Age
46:12 Hussar
47:32 Plate Barding Armor
49:55 Iron Casting
52:52 Blast Furnace
GrandeAcure
3:58 Loom
13:46 Feudal Age
17:38 Castle Age
17:27 Horse Collar
17:34 Double-Bit Axe
19:05 Scale Barding Armor
20:09 Gold Mining
21:24 Forging
22:25 Iron Casting
23:27 Light Cavalry
24:19 Bloodlines
24:09 Husbandry
25:29 Stone Mining
27:16 Wheelbarrow
27:14 Heavy Plow
30:12 Fletching
32:17 Bodkin Arrow
33:19 Hand Cart
39:37 Imperial Age
40:27 Chain Barding Armor
43:49 Crop Rotation
47:45 Hussar
49:42 Bow Saw
52:11 Plate Barding Armor
53:40 Blast Furnace
54:39 Caravan
55:10 Guilds
TENECTEPLASA
5:51 Loom
12:48 Feudal Age
15:25 Double-Bit Axe
18:50 Castle Age
19:30 Double-Bit Axe
19:55 Scale Mail Armor
21:45 Squires
26:13 Gambesons
28:03 Pikeman
33:08 Wheelbarrow
32:18 Horse Collar
34:00 Chain Mail Armor
33:57 Forging
35:50 Heavy Plow
40:39 Imperial Age
38:28 Town Watch
41:39 Halberdier
43:08 Bow Saw
43:43 Capped Ram
45:28 Hand Cart
44:51 Siege Ram
47:39 Town Patrol
50:25 Heavy Scorpion
51:22 Caravan
51:53 Coinage
Gokustar24
8:00 Loom
14:55 Feudal Age
21:52 Castle Age
21:59 Bloodlines
21:57 Scale Barding Armor
21:56 Light Cavalry
23:25 Double-Bit Axe
23:33 Horse Collar
24:39 Town Watch
29:17 Chain Barding Armor
29:08 Forging
35:45 Fletching
40:33 Wheelbarrow
'The Glue'
4:08 Loom
15:38 Feudal Age
19:52 Castle Age
29:27 Imperial Age
28:44 Fletching
33:45 Chemistry
emblazon3d
7:19 Loom
13:18 Feudal Age
15:13 Gold Mining
15:08 Double-Bit Axe
15:19 Double-Bit Axe
19:23 Castle Age
17:43 Horse Collar
19:11 Scale Mail Armor
18:35 Champi Runner
20:51 Wheelbarrow
20:30 Bow Saw
21:24 Heavy Plow
23:49 Arson
24:31 Champi Warrior
26:15 Squires
26:33 Forging
27:51 Iron Casting
28:32 Fletching
28:42 Town Watch
30:37 Chain Mail Armor
30:40 Stone Mining
31:14 Bodkin Arrow
32:32 Town Patrol
32:52 Hand Cart
33:53 Ballistics
33:29 Murder Holes
33:15 Treadmill Crane
33:45 Masonry
38:18 Imperial Age
35:16 Pikeman
39:23 Bracer
42:05 Conscription
42:38 Hoardings
44:27 Devotion
45:26 Crop Rotation
45:31 Gold Shaft Mining
45:33 Stone Shaft Mining
45:42 Gold Shaft Mining
45:48 Stone Shaft Mining
46:30 Chemistry
46:40 Plate Mail Armor
47:43 Blast Furnace
48:23 Siege Engineers
48:43 Halberdier
50:52 Clinker Construction
54:23 Town Patrol
plaster_prince
7:53 Loom
16:49 Feudal Age
17:42 Double-Bit Axe
20:11 Wheelbarrow
19:31 Gold Mining
21:33 Scale Barding Armor
29:13 Castle Age
27:09 Town Watch
29:25 Castle Age
29:58 Forging
36:26 Husbandry
41:53 Chain Barding Armor
41:56 Light Cavalry
HDm
4:16 Loom
15:13 Feudal Age
14:02 Double-Bit Axe
13:59 Horse Collar
19:32 Castle Age
18:15 Bow Saw
19:42 Wheelbarrow
33:58 Imperial Age
33:05 Two-Man Saw
32:08 Heavy Plow
32:45 Cavalier
34:44 Forging
34:40 Scale Barding Armor
35:53 Chemistry
34:16 Paladin
35:47 Conscription
35:02 Capped Ram
39:23 Chain Barding Armor
39:41 Iron Casting
40:39 Plate Barding Armor
41:49 Padded Archer Armor
42:51 Blast Furnace
42:56 Light Cavalry
43:20 Elite Skirmisher
50:44 Hussar
Connection lost

Rejoining the realm…

Still unreachable

The connection could not be restored.

Session expired

The server has moved on; the page needs a fresh start.